AoeStats
← ionatan

Fortress

510443320Analyzed
1v1 RM · 1d ago on Oct 1, 2026· 11m 17s· 2 players
Game mode
Random Map
Map size
Small (3 player)
Population
200
Speed
Normal
Resources
Standard
Victory
Conquest
Starting age
Dark Age
Ending age
Imperial Age
RankedLock teamsTeams togetherTeam positionsShared explorationLock speedFull tech treeHidden civsTurbo modeCheats
Victory
Defeat
🇦🇷 Malay · Argentina
985
+16
🇵🇪 Khmer · Peru
980
-16
arnaldo548
5:50 Loom
8:00 Feudal Age
6:51 Loom
8:37 Feudal Age
12:00 Castle Age
9:47 Double-Bit Axe
9:45 Horse Collar
ionatan
7:25 Feudal Age
7:06 Double-Bit Axe
10:26 Horse Collar
Connection lost

Rejoining the realm…

Still unreachable

The connection could not be restored.

Session expired

The server has moved on; the page needs a fresh start.